 Dungeon Crawl Stone Soup version 0.28-a0-533-g9f97627e2a (webtiles) character file.

Game seed: 2292193353883299088

44 Gargoyl the Skirmisher (level 3, 0/35 HPs)
             Began as a Gnoll Abyssal Knight on Sept 25, 2021.
             Was a Follower of Lugonu.
             Succumbed to a goblin's poison
             ... on level 1 of the Dungeon.
             The game lasted 00:01:47 (1048 turns).

Gargoyl the Skirmisher (Gnoll Abyssal Knight)       Turns: 1048, Time: 00:01:48

Health: 0/35       AC:  9    Str: 13    XL:     3   Next: 62%
Magic:  6/6        EV:  6    Int:  9    God:    Lugonu [*.....]
Gold:   41         SH:  0    Dex: 12    Spells: 3/3 levels left

rFire   + . .      SeeInvis .   a - +1 hand axe
rCold   + . .      Faith    .   (no shield)
rNeg    . . .      Spirit   .   d - +0 chain mail
rPois   +          Reflect  .   (no helmet)
rElec   +          Harm     .   (no cloak)
rCorr   +          Rampage  .   (no gloves)
Will    .....                   (no boots)
Stlth   ..........              (no amulet)
HPRegen 0.11/turn               f - ring of flight
MPRegen 0.10/turn               (no ring)

@: lethally poisoned (0 -> -1), resistant, on berserk cooldown, flying, slowed,
very slow
A: fangs 1, strong nose, distributed training
a: Renounce Religion, Depart the Abyss


You were on level 1 of the Dungeon.
You worshipped Lugonu.
Lugonu was aware of your devotion.
You visited 1 branch of the dungeon, and saw 2 of its levels.
You visited the Abyss 1 time.

You collected 41 gold pieces.

Inventory:

Hand Weapons
 a - a +1 hand axe (weapon)
 i - a +2 dagger of venom
Armour
 d - a +0 chain mail (worn)
Jewellery
 f - a ring of flight (left hand)
Scrolls
 b - a scroll of enchant weapon {unknown}
 e - a scroll of noise {unknown}
 g - a scroll of identify {unknown}


   Skills:
 + Level 6.5 Fighting
 + Level 0.9 Short Blades
 + Level 0.9 Long Blades
 + Level 4.5 Axes
 + Level 0.9 Maces & Flails
 + Level 0.9 Polearms
 + Level 0.9 Staves
 + Level 0.9 Slings
 + Level 0.9 Bows
 + Level 0.9 Crossbows
 + Level 0.9 Throwing
 + Level 4.5 Armour
 + Level 2.6 Dodging
 + Level 0.9 Stealth
 + Level 0.9 Shields
 + Level 0.9 Unarmed Combat
 + Level 0.9 Spellcasting
 + Level 0.6 Conjurations
 + Level 0.6 Hexes
 + Level 0.6 Summonings
 + Level 0.6 Necromancy
 + Level 0.6 Translocations
 + Level 0.6 Transmutations
 + Level 0.6 Fire Magic
 + Level 0.6 Ice Magic
 + Level 0.6 Air Magic
 + Level 0.6 Earth Magic
 + Level 0.6 Poison Magic
 + Level 4.6 Invocations
 + Level 0.9 Evocations


You had 3 spell levels left.
You didn't know any spells.
Your spell library contained the following spells:

 Spells                   Type           Power      Damage    Failure   Level
 Magic Dart               Conj           4%         1d3       100%        1
 Call Imp                 Summ           1%         N/A       100%        2
 Mephitic Cloud           Conj/Pois/Air  1%         N/A       100%        3


Dungeon Overview and Level Annotations

Branches:
Dungeon (2/15)

Altars:

Annotations:
D:2 Robin


Innate Abilities, Weirdness & Mutations

You have very sharp teeth.
Your uncanny sense of smell can sniff out nearby items.
Your experience applies equally to all skills.


Message History

The adder bites you but does no damage. x2; The goblin completely misses you.
You feel sick. The adder closely misses you.
The goblin hits you but does no damage.
You see here a +2 dagger of venom.
i - a +2 dagger of venom You feel sick.
The adder bites you but does no damage. The goblin hits you with a +0 dagger.
* * * LOW HITPOINT WARNING * * *
The adder bites you but does no damage.
It was a potion of resistance.
You feel protected.
* * * LOW HITPOINT WARNING * * *
You feel sick. The goblin barely misses you.
The adder bites you but does no damage.
It was a potion of berserk rage.
A red film seems to cover your vision as you go berserk!
You feel yourself moving faster!
You feel mighty!
* * * LOW HITPOINT WARNING * * *
You feel sick. The adder bites you but does no damage.
The goblin hits you but does no damage.
Unknown command.
You slash the adder!
You kill the adder!
Lugonu accepts your kill.
You hit the goblin.
You kill the goblin!
Lugonu accepts your kill.
* * * LOW HITPOINT WARNING * * *
You feel sick.
* * * LOW HITPOINT WARNING * * *
You feel sick.
Things that are here:
a +0 dagger; a goblin corpse You feel a strong urge to attack something.
* * * LOW HITPOINT WARNING * * *
You feel sick.
You feel your anger nearly subside.
You are no longer berserk.
You are exhausted.
You feel yourself slow down.
You die...

#.....#...######## #...# ###
#.....#...####### #...#
##.....#...##....### #...#
.'.....#.####......####...#######
.#.....#.# #>.#.#....†..........
.#.....#.# #).._†.####...#..####
.#.....#.####+.#.#.# #...##.#
.#.....#...........# ######.####
.#.#....).......@..# #.........
#########..........# #.###.####
...................# #.# #..#
########...........# #.# ##.#
#.........############.# #.#
#.###.....## #.....# #.## #.#
#..[...# #.##### #..# #.#
##.....# #.# ##.## #.####.....#
#.# #..#


There were no monsters in sight!

Vanquished Creatures
  An adder (D:1)
  A dart slug (D:1)
  2 bats (D:1)
  An endoplasm (D:1)
  2 giant cockroaches (D:1)
  7 goblins (D:1)
  2 hobgoblins (D:1)
  3 jackals (D:1)
  2 kobolds (D:1)
  4 ball pythons (D:1)
  A frilled lizard (D:1)
  6 rats (D:1)
32 creatures vanquished.

Notes
Turn   | Place    | Note
-------+----------+-------------------------------------------
     0 | Abyss:1  | Gargoyl the Gnoll Abyssal Knight began the quest for the
                  | Orb.
     0 | Abyss:1  | Reached XP level 1. HP: 23/23 MP: 3/3
    78 | Abyss:1  | Noticed a small abomination
    78 | Abyss:1  | Noticed a thrashing horror
    96 | Abyss:2  | Noticed a large abomination
    97 | D:1      | Escaped the Abyss
   353 | D:1      | Reached XP level 2. HP: 29/29 MP: 5/5
   365 | D:1      | Reached * piety under Lugonu
   695 | D:1      | Found a faded altar of an unknown god.
   709 | D:1      | Reached XP level 3. HP: 35/35 MP: 6/6
  1031 | D:2      | Noticed Robin
  1045 | D:1      | HP: 2/52 [poisoned by a goblin]
  1048 | D:1      | Succumbed to a goblin's poison

Illustrated notes

Levels and vault maps discovered:
D:1:      evilmike_arrival_crescent, layout_basic,
          chequers_ecumenical_altar_simple, minmay_misc_feat_plants
D:2:      layout_loops_ring, uniq_natasha, uniq_sigmund, uniq_robin

Action                   || total
-------------------------++-------
Melee: Hand axe          ||    79
       Bite              ||     5
Invok: Depart the Abyss  ||     1
  Use: Scroll            ||     1
       Potion            ||     2
Armor: Chain mail        ||    61
Dodge: Dodged            ||    35

Table legend: (Time is in decaauts)
 A = Elapsed time spent in this place.
 B = Non-inter-level travel time spent in this place.
 C = Inter-level travel time spent in this place.
 D = Time resting spent in this place.
 E = Time spent auto-exploring this place.
 F = Levels seen in this place.
 G = Mean time per level.
                   A        B        C        D        E       F      G
               +--------+--------+--------+--------+--------+-----+--------+
         Total |   1053 |   1024 |     29 |      0 |    766 |   4 |  263.2 |
       Dungeon |    956 |    927 |     29 |      0 |    689 |   2 |  478.0 |
         Abyss |     96 |     96 |      0 |      0 |     77 |   2 |   48.0 |
               +--------+--------+--------+--------+--------+-----+--------+

Top non-repeatable levels by time:
     D:1: 951 daAuts
 Abyss:1: 80 daAuts
 Abyss:2: 16 daAuts
     D:2: 4 daAuts
